| TOP OF THE 1ST |
|
Tulsa Drillers batting - Pitching for Denver Bears : RHP Alex Vasquez
|
|
Pitching: RHP Alex Vasquez
|
|
|
Batting: SHB Paul Householder
|
0-0: Foul Ball, location: 2F 0-1: Foul Ball, location: 2F 0-2: Foul Ball, location: 2F 0-2: Ground out 4-3 (Groundball, 4, EV 96.3 MPH)
|
|
Batting: RHB Victor Rios
|
0-0: Called Strike 0-1: Foul Ball, location: 2F 0-2: SINGLE (Groundball, 56S, EV 71.3 MPH) (infield hit)
|
|
Batting: LHB Mike Pagliarulo
|
0-0: Foul Ball, location: 2F 0-1: Ball 1-1: Fly out, F7 (Flyball, 7D, EV 82.5 MPH)
|
|
Batting: LHB Jim Adduci
|
0-0: Ball 1-0: Ball 2-0: Foul Ball, location: 2F 2-1: Ball 3-1: Base on Balls Victor Rios to second
|
|
Batting: SHB Luis Quinones
|
0-0: Foul Ball, location: 5F, Error on foul ball, E5 0-1: Ball 1-1: DOUBLE (Line Drive, 7LM, EV 95.0 MPH) Victor Rios scores Jim Adduci to third
|
|
Batting: LHB Randy Braun
|
0-0: Ball 1-0: Ball 2-0: Foul Ball, location: 2F 2-1: Called Strike 2-2: Ball 3-2: Foul Ball, location: 2F 3-2: Foul Ball, location: 2F 3-2: Base on Balls
|
|
Batting: RHB Bob E Johnson
|
0-0: Ball 1-0: Ball 2-0: Called Strike 2-1: Foul Ball, location: 2F 2-2: Foul Ball, location: 2F 2-2: Strikes out looking
|
| Top of the 1st over - 1 run, 2 hits, 1 error, 3 left on base; Tulsa 1 - Denver 0 |
| BOTTOM OF THE 1ST |
|
Denver Bears batting - Pitching for Tulsa Drillers : RHP Alex Mazariegos
|
|
Pitching: RHP Alex Mazariegos
|
|
|
Batting: LHB Dallas Williams
|
0-0: Called Strike 0-1: Called Strike 0-2: Ground out 6-3 (Groundball, 6S, EV 89.4 MPH)
|
|
Batting: RHB Adolfo Feliz
|
0-0: Ball 1-0: Ball 2-0: Called Strike 2-1: Ball 3-1: Called Strike 3-2: Base on Balls
|
|
Batting: RHB George A Bell
|
0-0: Ball 1-0: Called Strike 1-1: Ball 2-1: Swinging Strike 2-2: Foul Ball, location: 2F 2-2: Fly out, F8 (Line Drive, 8RD, EV 97.5 MPH)
|
|
Batting: LHB Tom Beyers
|
0-0: Ball 1-0: Ball 2-0: Fly out, F8 (Flyball, 8RD, EV 101.3 MPH)
|
| Bottom of the 1st over - 0 runs, 0 hits, 0 errors, 1 left on base; Tulsa 1 - Denver 0 |
| TOP OF THE 2ND |
|
Tulsa Drillers batting - Pitching for Denver Bears : RHP Alex Vasquez
|
|
Batting: RHB Nick Belmonte
|
0-0: Foul Ball, location: 2F 0-1: Foul Ball, location: 2F 0-2: Foul Ball, location: 2F 0-2: Ground out 6-3 (Groundball, 56, EV 85.0 MPH)
|
|
Batting: RHB Onix Concepcion
|
0-0: Swinging Strike 0-1: Foul Ball, location: 2F 0-2: Fly out, F7 (Flyball, 78D, EV 98.1 MPH)
|
|
Batting: SHB Paul Householder
|
0-0: Ball 1-0: Ball 2-0: SINGLE (Groundball, 13S, EV 73.1 MPH) (infield hit)
|
|
Batting: RHB Victor Rios
|
0-0: Ball Paul Householder is caught stealing 2nd base 2-4
|
| Top of the 2nd over - 0 runs, 1 hit, 0 errors, 0 left on base; Tulsa 1 - Denver 0 |
| BOTTOM OF THE 2ND |
|
Denver Bears batting - Pitching for Tulsa Drillers : RHP Alex Mazariegos
|
|
Batting: RHB Juan Alvarez
|
0-0: Ball 1-0: Ground out 6-3 (Groundball, P, EV 80.6 MPH)
|
|
Batting: RHB Victor Woods
|
0-0: Ball 1-0: Called Strike 1-1: Foul Ball, location: 2F 1-2: Ball 2-2: Ball 3-2: Strikes out swinging
|
|
Batting: RHB Francis McCann
|
0-0: Called Strike 0-1: Ball 1-1: Bunt missed! 1-2: Ground out U3 (Groundball, 3, EV 83.1 MPH)
|
| Bottom of the 2nd over - 0 runs, 0 hits, 0 errors, 0 left on base; Tulsa 1 - Denver 0 |
| TOP OF THE 3RD |
|
Tulsa Drillers batting - Pitching for Denver Bears : RHP Alex Vasquez
|
|
Batting: RHB Victor Rios
|
0-0: Called Strike 0-1: Swinging Strike 0-2: Ball 1-2: Ball 2-2: Ball 3-2: Ground out 6-3 (Groundball, 6, EV 85.0 MPH)
|
|
Batting: LHB Mike Pagliarulo
|
0-0: Ball 1-0: Called Strike 1-1: Fly out, F8 (Flyball, 78M, EV 91.3 MPH)
|
|
Batting: LHB Jim Adduci
|
0-0: Ball 1-0: Ball 2-0: Ball 3-0: Base on Balls
|
|
Batting: SHB Luis Quinones
|
0-0: Ball 1-0: Ball 2-0: Called Strike 2-1: Ground out 4-3 (Groundball, 4, EV 105.0 MPH)
|
| Top of the 3rd over - 0 runs, 0 hits, 0 errors, 1 left on base; Tulsa 1 - Denver 0 |
| BOTTOM OF THE 3RD |
|
Denver Bears batting - Pitching for Tulsa Drillers : RHP Alex Mazariegos
|
|
Batting: RHB Frank Lucy
|
0-0: Ball 1-0: Foul Ball, location: 2F 1-1: Ball 2-1: Ground out 6-3 (Groundball, 6, EV 93.1 MPH)
|
|
Batting: RHB Gomez Barahona
|
0-0: Called Strike 0-1: Ball 1-1: Ball 2-1: Foul Ball, location: 2F 2-2: Foul Ball, location: 2F 2-2: Ball 3-2: Fly out, F6 (Flyball, 6D, EV 84.4 MPH)
|
|
Batting: LHB Dallas Williams
|
0-0: Called Strike 0-1: Ball 1-1: Ball 2-1: SINGLE (Line Drive, 9LM, EV 101.9 MPH)
|
|
Batting: RHB Adolfo Feliz
|
0-0: Ball Dallas Williams steals 2nd base (no throw) 1-0: Called Strike 1-1: Foul Ball, location: 2F 1-2: SINGLE (Line Drive, 5D, EV 103.8 MPH) Dallas Williams to third Runner from 3rd tries for Home, SAFE, throw by LF to home
|
|
Batting: RHB George A Bell
|
0-0: Ball 1-0: Called Strike 1-1: Foul Ball, location: 2F 1-2: Fly out, F9 (Line Drive, 9, EV 100.6 MPH)
|
| Bottom of the 3rd over - 1 run, 2 hits, 0 errors, 1 left on base; Tulsa 1 - Denver 1 |
| TOP OF THE 4TH |
|
Tulsa Drillers batting - Pitching for Denver Bears : RHP Alex Vasquez
|
|
Batting: LHB Randy Braun
|
0-0: Ball 1-0: Ball 2-0: SOLO HOME RUN (Flyball, 89XD, EV 107.5 MPH), Distance : 430 ft
|
|
Batting: RHB Bob E Johnson
|
0-0: Ball 1-0: Ball 2-0: Ball 3-0: Called Strike 3-1: Swinging Strike 3-2: Base on Balls
|
|
Batting: RHB Nick Belmonte
|
0-0: Swinging Strike 0-1: Called Strike 0-2: Ball 1-2: Ball 2-2: Grounds into double play, 6-4-3 (Groundball, 6, EV 101.9 MPH)
|
|
Batting: RHB Onix Concepcion
|
0-0: Ball 1-0: Called Strike 1-1: Foul Ball, location: 2F 1-2: Ball 2-2: Ground out U3 (Groundball, 34S, EV 78.8 MPH)
|
| Top of the 4th over - 1 run, 1 hit, 0 errors, 0 left on base; Tulsa 2 - Denver 1 |
| BOTTOM OF THE 4TH |
|
Denver Bears batting - Pitching for Tulsa Drillers : RHP Alex Mazariegos
|
|
Batting: LHB Tom Beyers
|
0-0: Ground out 4-3 (Groundball, 4, EV 81.3 MPH)
|
|
Batting: RHB Juan Alvarez
|
0-0: Ball 1-0: Ball 2-0: Ground out 6-3 (Groundball, 6, EV 105.0 MPH)
|
|
Batting: RHB Victor Woods
|
0-0: Ground out 5-3 (Groundball, 56, EV 83.8 MPH)
|
| Bottom of the 4th over - 0 runs, 0 hits, 0 errors, 0 left on base; Tulsa 2 - Denver 1 |
| TOP OF THE 5TH |
|
Tulsa Drillers batting - Pitching for Denver Bears : RHP Alex Vasquez
|
|
Batting: SHB Paul Householder
|
0-0: Foul Ball, location: 2F 0-1: Ball 1-1: Called Strike 1-2: Foul Ball, location: 2F 1-2: Ball 2-2: Ball 3-2: Base on Balls
|
|
Batting: RHB Victor Rios
|
0-0: Sac Bunt to 15 - play at first, batter OUT! 1-4 Paul Householder to second
|
|
Batting: LHB Mike Pagliarulo
|
0-0: Ball 1-0: Fly out, F6 (Line Drive, 6, EV 66.3 MPH)
|
|
Batting: LHB Jim Adduci
|
0-0: Called Strike 0-1: Ball 1-1: Foul Ball, location: 2F 1-2: Ground out 3-1 (Groundball, 34, EV 101.3 MPH)
|
| Top of the 5th over - 0 runs, 0 hits, 0 errors, 1 left on base; Tulsa 2 - Denver 1 |
| BOTTOM OF THE 5TH |
|
Denver Bears batting - Pitching for Tulsa Drillers : RHP Alex Mazariegos
|
|
Batting: RHB Francis McCann
|
0-0: Ground out 4-3 (Groundball, 4, EV 83.8 MPH)
|
|
Batting: RHB Frank Lucy
|
0-0: Called Strike 0-1: Ground out 4-3 (Groundball, 4, EV 95.6 MPH)
|
|
Batting: RHB Gomez Barahona
|
0-0: Called Strike 0-1: Foul Ball, location: 2F 0-2: Foul Ball, location: 2F 0-2: Ground out U3 (Groundball, 13, EV 82.5 MPH)
|
| Bottom of the 5th over - 0 runs, 0 hits, 0 errors, 0 left on base; Tulsa 2 - Denver 1 |
| TOP OF THE 6TH |
|
Tulsa Drillers batting - Pitching for Denver Bears : RHP Alex Vasquez
|
|
Batting: SHB Luis Quinones
|
0-0: Ball 1-0: Ground out 4-3 (Groundball, 34D, EV 105.6 MPH)
|
|
Batting: LHB Randy Braun
|
0-0: Called Strike 0-1: Ball 1-1: Foul Ball, location: 2F 1-2: Strikes out swinging
|
|
Batting: RHB Bob E Johnson
|
0-0: Ball 1-0: Ball 2-0: Foul Ball, location: 2F 2-1: Ball 3-1: Foul Ball, location: 2F 3-2: Fly out, F7 (Flyball, 78M, EV 93.1 MPH)
|
| Top of the 6th over - 0 runs, 0 hits, 0 errors, 0 left on base; Tulsa 2 - Denver 1 |
| BOTTOM OF THE 6TH |
|
Denver Bears batting - Pitching for Tulsa Drillers : RHP Alex Mazariegos
|
|
Batting: LHB Dallas Williams
|
0-0: Called Strike 0-1: Ground out 6-3 (Groundball, 6, EV 106.3 MPH)
|
|
Batting: RHB Adolfo Feliz
|
0-0: Called Strike 0-1: Swinging Strike 0-2: Ball 1-2: Foul Ball, location: 2F 1-2: Ball 2-2: Ground out 5-3 (Groundball, 56S, EV 69.4 MPH)
|
|
Batting: RHB George A Bell
|
0-0: Ball 1-0: Called Strike 1-1: Foul Ball, location: 2F 1-2: SINGLE (Line Drive, 78M, EV 93.1 MPH)
|
|
Batting: LHB Tom Beyers
|
Pickoff Throw to First - Out! 1-3
|
| Bottom of the 6th over - 0 runs, 1 hit, 0 errors, 0 left on base; Tulsa 2 - Denver 1 |
| TOP OF THE 7TH |
|
Tulsa Drillers batting - Pitching for Denver Bears : RHP Alex Vasquez
|
|
Batting: RHB Nick Belmonte
|
0-0: Ball 1-0: Ground out 6-3 (Groundball, 6, EV 88.1 MPH)
|
|
Batting: RHB Onix Concepcion
|
0-0: Called Strike 0-1: Swinging Strike 0-2: Ball 1-2: Ball 2-2: Fly out, F9 (Line Drive, 9, EV 95.6 MPH)
|
|
Batting: SHB Paul Householder
|
0-0: Foul Ball, location: 2F 0-1: Foul Ball, location: 2F 0-2: Ball 1-2: SINGLE (Line Drive, 6D, EV 98.1 MPH)
|
|
Batting: RHB Victor Rios
|
0-0: Ball 1-0: Foul Ball, location: 2F 1-1: Ball Paul Householder steals 2nd base (no throw) 2-1: Ball 3-1: Fly out, F8 (Flyball, 78M, EV 94.4 MPH)
|
| Top of the 7th over - 0 runs, 1 hit, 0 errors, 1 left on base; Tulsa 2 - Denver 1 |
| BOTTOM OF THE 7TH |
|
Denver Bears batting - Pitching for Tulsa Drillers : RHP Alex Mazariegos
|
|
Batting: LHB Tom Beyers
|
0-0: Ball 1-0: Ball 2-0: Ball 3-0: Called Strike 3-1: Base on Balls
|
|
Pinch Hitting: LHB Danny Heep
|
Pickoff Throw to First - Out! 1-3 0-0: Fly out, F6 (Flyball, 56D, EV 81.9 MPH)
|
|
Batting: RHB Victor Woods
|
0-0: Reached on error, E6 (Groundball, 6, EV 84.4 MPH)
|
|
Pinch Hitting: LHB Terry Francona
|
0-0: Ball 1-0: Called Strike 1-1: Ball 2-1: Ground out U3 (Groundball, 3, EV 81.9 MPH)
|
| Bottom of the 7th over - 0 runs, 0 hits, 1 error, 1 left on base; Tulsa 2 - Denver 1 |
| TOP OF THE 8TH |
|
Tulsa Drillers batting - Pitching for Denver Bears : RHP Alex Vasquez
|
|
Now at 1B: Danny Heep
|
|
|
Now at SS: Glenn Hoffman
|
|
|
Batting: LHB Mike Pagliarulo
|
0-0: Ball 1-0: Ball 2-0: Foul Ball, location: 2F 2-1: Swinging Strike 2-2: Ball 3-2: Strikes out swinging
|
|
Batting: LHB Jim Adduci
|
0-0: Called Strike 0-1: Ball 1-1: Foul Ball, location: 2F 1-2: Ball 2-2: SINGLE (Groundball, 3D, EV 98.8 MPH)
|
|
Batting: SHB Luis Quinones
|
0-0: SINGLE (Line Drive, 34D, EV 101.3 MPH) Jim Adduci to second
|
|
Pitching: LHP Jesse Orosco
|
|
|
Batting: LHB Randy Braun
|
0-0: Ball 1-0: Called Strike 1-1: Fly out, F6 (Popup, 4MD, EV 55.6 MPH)
|
|
Batting: RHB Bob E Johnson
|
0-0: Ball 1-0: Called Strike 1-1: Ball 2-1: SINGLE (Groundball, 56S, EV 66.9 MPH) (infield hit) Jim Adduci to third Luis Quinones to second
|
|
Batting: RHB Nick Belmonte
|
0-0: Called Strike 0-1: Ball 1-1: Fielders Choice at 2nd, 6-4 (Groundball, 6, EV 94.4 MPH)
|
| Top of the 8th over - 0 runs, 3 hits, 0 errors, 3 left on base; Tulsa 2 - Denver 1 |
| BOTTOM OF THE 8TH |
|
Denver Bears batting - Pitching for Tulsa Drillers : RHP Alex Mazariegos
|
|
Batting: RHB Frank Lucy
|
0-0: Swinging Strike 0-1: Called Strike 0-2: Ball 1-2: Ball 2-2: Ground out 5-3 (Groundball, 5L, EV 102.5 MPH)
|
|
Batting: RHB Gomez Barahona
|
0-0: Ground out 5-3 (Groundball, 5, EV 87.5 MPH)
|
|
Batting: LHB Dallas Williams
|
0-0: Ball 1-0: Swinging Strike 1-1: Fly out, F8 (Flyball, 8RXD, EV 102.5 MPH)
|
| Bottom of the 8th over - 0 runs, 0 hits, 0 errors, 0 left on base; Tulsa 2 - Denver 1 |
| TOP OF THE 9TH |
|
Tulsa Drillers batting - Pitching for Denver Bears : LHP Jesse Orosco
|
|
Pitching: LHP Jake Zorbas
|
|
|
Batting: RHB Onix Concepcion
|
0-0: Called Strike 0-1: Called Strike 0-2: Ball 1-2: Ball 2-2: Ball 3-2: SINGLE (Line Drive, 89S, EV 103.1 MPH)
|
|
Batting: SHB Paul Householder
|
0-0: Foul Ball, location: 2F 0-1: Ball 1-1: Called Strike 1-2: Ball 2-2: Fly out, F7 (Flyball, 78XD, EV 97.5 MPH)
|
|
Batting: RHB Victor Rios
|
0-0: Called Strike Onix Concepcion steals 2nd base (no throw) 0-1: Ball 1-1: Ball 2-1: Called Strike 2-2: Foul Ball, location: 2F 2-2: Ball 3-2: Ground out U3 (Groundball, 3, EV 101.3 MPH) Onix Concepcion to third
|
|
Batting: LHB Mike Pagliarulo
|
0-0: Foul Ball, location: 2F 0-1: Ball 1-1: Ball 2-1: 2-RUN HOME RUN (Flyball, 8RXD, EV 98.8 MPH) (Inside the Park)
|
|
Batting: LHB Jim Adduci
|
0-0: Ground out U3 (Groundball, 3, EV 85.0 MPH)
|
| Top of the 9th over - 2 runs, 2 hits, 0 errors, 0 left on base; Tulsa 4 - Denver 1 |
| BOTTOM OF THE 9TH |
|
Denver Bears batting - Pitching for Tulsa Drillers : RHP Alex Mazariegos
|
|
Batting: RHB Adolfo Feliz
|
0-0: Called Strike 0-1: Foul Ball, location: 2F 0-2: Ball 1-2: SINGLE (Line Drive, 89S, EV 89.4 MPH)
|
|
Batting: RHB George A Bell
|
0-0: Ball 1-0: Foul Ball, location: 2F 1-1: Fly out, F9 (Flyball, 9D, EV 98.8 MPH)
|
|
Batting: LHB Tom Beyers
|
0-0: DOUBLE (Groundball, 3L, EV 102.5 MPH) Adolfo Feliz to third
|
|
Batting: LHB Danny Heep
|
0-0: Ball 1-0: Called Strike 1-1: Fly out, F6 (Popup, 6M, EV 55.0 MPH)
|
|
Batting: RHB Victor Woods
|
0-0: Foul Ball, location: 2F 0-1: Ball 1-1: Ground out U3 (Groundball, 34S, EV 91.3 MPH)
|
| Bottom of the 9th over - 0 runs, 2 hits, 0 errors, 2 left on base; Tulsa 4 - Denver 1 |
|